 Dungeon Crawl Stone Soup version 0.21.1-1-g345015fe64 (webtiles) character file.

91 Kohma the Grave Robber (level 4, 0/54 HPs)
             Began as a Hill Orc Necromancer on June 14, 2018.
             Slain by an adder (2 damage)
             ... on level 3 of the Dungeon.
             The game lasted 00:11:18 (2504 turns).

Kohma the Grave Robber (Hill Orc Necromancer)       Turns: 2504, Time: 00:11:18

Health: 0/54       AC: 22    Str: 11    XL:     4   Next: 57%
Magic:  5/7        EV:  2    Int: 20    God:
Gold:   95         SH:  0    Dex: 11    Spells: 5/7 levels left

rFire    . . .     SeeInvis .   j - +0 spear
rCold    . . .     Gourm    .   (no shield)
rNeg     + + +     Faith    .   (armour currently unavailable)
rPois    +         Spirit   .   (helmet currently unavailable)
rElec    .         Reflect  .   (cloak currently unavailable)
rCorr    .         Harm     .   (gloves currently unavailable)
MR       .....     NoTele   +   (boots currently unavailable)
Stlth    ++........             (no amulet)
HPRegen  0.18/turn              (no ring)
MPRegen  0.10/turn              (no ring)

@: brilliant, lethally poisoned (0 -> -1), tree-form
A: no striking features
a: no special abilities


You were on level 3 of the Dungeon.
You were not hungry.
You were a tree.
You visited 1 branch of the dungeon, and saw 3 of its levels.

You collected 95 gold pieces.

Inventory:

Hand Weapons
 d - a +0 dagger
 j - a +0 spear (weapon)
 k - a +0 spear
 l - a +0 spear
Missiles
 f - 13 sling bullets
Armour
 a - a +0 robe
 g - a +0 leather armour (melded)
 n - a +0 robe
 o - a +0 scale mail
 s - a +0 chain mail
 v - a +0 leather armour
Jewellery
 p - an uncursed ring of ice {unknown}
Wands
 u - a wand of paralysis (16)
Scrolls
 e - a scroll of identify
 i - 3 scrolls of amnesia {unknown}
 m - a scroll of remove curse
 t - a scroll of blinking {unknown}
Potions
 h - 2 potions of brilliance
 w - a potion of resistance {unknown}
Books
 b - a book of Necromancy

   Spells                             Type                      Level
   a - Pain                           Necromancy                   1
   b - Animate Skeleton               Necromancy                   1
   c - Vampiric Draining              Necromancy                   3
   d - Regeneration                   Charms/Necromancy            3
   e - Animate Dead                   Necromancy                   4
   f - Borgnjor's Vile Clutch         Necromancy/Earth             5
Comestibles
 c - 4 rations
 q - a chunk of flesh


   Skills:
 + Level 1.9 Fighting
 + Level 1.6 Armour
 - Level 1.5 Dodging
 - Level 1.5 Stealth
 + Level 2.1 Spellcasting
 * Level 4.8 Necromancy


You had 5 spell levels left.
You knew the following spells:

 Your Spells              Type           Power        Failure   Level  Hunger
a - Pain                  Necr           ####         1%          1    #......
b - Animate Skeleton      Necr           N/A          1%          1    #......


Dungeon Overview and Level Annotations

Branches:
Dungeon (3/15)

Altars:


Message History

The adder bites you but does no damage.
You closely miss the adder.
The adder is almost dead.
* * * LOW HITPOINT WARNING * * *
You feel sick. The adder barely misses you.
The adder bites you but does no damage.
You miss the adder.
The adder is almost dead.
The adder bites you but does no damage.
You closely miss the adder.
The adder is almost dead.
The adder bites you but does no damage. The adder barely misses you.
You miss the adder.
The adder is almost dead.
* * * LOW HITPOINT WARNING * * *
You feel sick. The adder bites you but does no damage.
You closely miss the adder.
The adder is almost dead.
The adder bites you but does no damage. The adder bites you.
You die...

......#
####.......########.#.#.
.###### #..........#
#..... .# #.....(....#
##<.... .#####
#....##.#### #......
.)...# #.... #.# #....##
.....# #.... #w# #....#
.....# #.... #K# #....#
.....# ##### #S# #....#
.....# #♣# #....#
####### #.# #....#
..Z...# #.# ####.#
.####Z# #.# #.# .# #.#
#.# #.# .# #Z# #####.#
#.# .# #.# #.....# #.#
.# #Z# #[##### #.# .#
#.# #.# #.#


You could see an adder, a dart slug and a kobold.

Vanquished Creatures
  3 adders
  2 worms (D:2)
  A leopard gecko (D:2)
  An orc (D:3)
  6 bats
  A giant cockroach (D:1)
  4 goblins
  2 hobgoblins
  3 jackals
  5 kobolds
  A quokka (D:3)
  2 frilled lizards
  4 rats
35 creatures vanquished.

Vanquished Creatures (collateral kills)
  Terence (D:3)
  2 dart slugs (D:1)
  A hobgoblin (D:3)
  A quokka (D:3)
  A bat (D:2)
  2 goblins (D:2)
  A kobold (D:2)
9 creatures vanquished.

Grand Total: 44 creatures vanquished

Notes
Turn   | Place    | Note
-------+----------+-------------------------------------------
     0 | D:1      | Kohma the Hill Orc Necromancer began the quest for the Orb.
     0 | D:1      | Reached XP level 1. HP: 14/14 MP: 3/3
     2 | D:1      | Learned a level 1 spell: Animate Skeleton
   232 | D:1      | Reached XP level 2. HP: 19/22 MP: 2/4
   347 | D:2      | Reached skill level 1 in Fighting
   745 | D:2      | Reached skill level 1 in Armour
   996 | D:2      | Reached XP level 3. HP: 22/28 MP: 2/5
  1845 | D:3      | Reached XP level 4. HP: 35/35 MP: 7/7
  2245 | D:3      | Noticed Terence
  2251 | D:3      | Killed Terence
  2500 | D:3      | HP: 2/54 [poisoned by an adder]
  2504 | D:3      | Slain by an adder

Skill      XL: |  1  2  3 |
---------------+----------+-----
Fighting       | 1 |  1.9
Armour         | 1 |  1.6
Spellcasting   | 2 |  2.1
Dodging        | |  1.5
Stealth        | |  1.5
Necromancy     | |  4.8

Action                   |  1- 3 |  4- 6 || total
-------------------------+-------+-------++-------
Melee: Dagger            |    44 |       ||    44
       Spear             |    29 |    35 ||    64
 Cast: Pain              |    23 |    10 ||    33
       Animate Skeleton  |    13 |     7 ||    20
  Use: Scroll            |     3 |       ||     3
       Potion            |       |     2 ||     2
 Stab: Sleeping          |     1 |     1 ||     2
       Distracted        |     1 |       ||     1
  Eat: Chunk             |     4 |     2 ||     6
Armor: Robe              |     3 |       ||     3
       Leather armour    |    29 |     9 ||    38
       Skin              |       |     8 ||     8
Dodge: Dodged            |    61 |    22 ||    83
Block: Buckler           |     1 |       ||     1
